cohdb
Replays
Latest Replays
All Replays
Popular Replays
Top Player Replays
Match Explorer
How It Works
Community
CoH3 Stats
Reddit
Sign in to upload your games and track your stats! →
Sign in with Steam
Match 41460897
Unlisted
Match 41460897
Overview
Messages
Build Orders
End
Kettenkrad Recon Vehicle
Construct Infanterie Kompanie
Selects Terror Battlegroup
Selects Machine Gun Camouflage
MG 42 Machine Gun Team
Grenadier Squad
Grenadier Squad
Construct Panzergrenadier Kompanie
Infanterie Officer Quarters
Panzergrenadier Squad
Pak 40 Anti-tank Gun Team
Selects Contempt for the Weak
Panzergrenadier Squad
Panzergrenadier Officer Quarters
Medical Station
Support Elements
StuG III G Assault Gun
Nebelwerfer 42 Rocket Launcher Team
Selects Propaganda Leaflet Drop
Selects No Quarter
Pioneer Squad
Pak 40 Anti-tank Gun Team
StuG III G Assault Gun
Selects King Tiger Heavy Tank
King Tiger Heavy Tank
Pioneer Squad
Selects Propaganda Leaflet Drop
Selects V1 Rocket Strike
BeerGrills
Cool Whhip
-AL- Nimahfrosch
bobik
0
0
Comments
sign in to comment!
No comments posted yet!